 Dungeon Crawl Stone Soup version 0.25-a0-700-g7f8a797 (webtiles) character file.

Game seed: 2413476994385005836, levelgen mode: deterministic

19 HungryMoth the Shield-Bearer (level 2, 0/24 HPs)
             Began as a Formicid Fighter on Apr 3, 2020.
             Slain by a gnoll
             ... wielding a +0 spear
              (4 damage)
             ... on level 1 of the Dungeon.
             The game lasted 00:01:03 (319 turns).

HungryMoth the Shield-Bearer (Formicid Fighter)      Turns: 319, Time: 00:01:03

Health: 0/24       AC:  6    Str: 20    XL:     2   Next: 95%
Magic:  2/2        EV:  8    Int:  7    God:
Gold:   6          SH:  9    Dex: 10    Spells: 1/1 levels left

rFire    . . .     SeeInvis +   a - +0 trident
rCold    . . .     Gourm    .   c - +0 kite shield
rNeg     . . .     Faith    .   b - +0 scale mail
rPois    .         Spirit   .   (helmet unavailable)
rElec    .         Reflect  .   (no cloak)
rCorr    .         Harm     .   (no gloves)
MR       .....                  (no boots)
Stlth    ..........             (no amulet)
HPRegen  0.08/turn              (no ring)
MPRegen  0.08/turn              (no ring)

@: no status effects
A: permanent stasis, dig shafts and tunnels, four strong arms, antennae 3
a: Dig, Shaft Self


You were on level 1 of the Dungeon.
You were not hungry.

You visited 1 branch of the dungeon, and saw 1 of its levels.

You collected 6 gold pieces.

Inventory:

Hand Weapons
 a - a +0 trident (weapon)
Armour
 b - a +0 scale mail (worn)
 c - a +0 kite shield (worn)
Scrolls
 h - a scroll of amnesia {unknown}
Potions
 d - a potion of might
Comestibles
 f - a ration
 g - 4 chunks of flesh


   Skills:
 + Level 3.5 Fighting
 + Level 2.3 Polearms
 + Level 3.5 Armour
 + Level 3.9 Shields


You had one spell level left.
You didn't know any spells.
Your spell library was empty.

Dungeon Overview and Level Annotations

Branches:
Dungeon (1/15)

Altars:


Innate Abilities, Weirdness & Mutations

You cannot be hasted, slowed, berserked, paralysed or teleported.
You can dig through walls and to a lower floor.
Your four strong arms can wield two-handed weapons with a shield.
You have a pair of large antennae on your head. (SInv)


Message History

The giant cockroach splashes around in the water.
You hit the bat.
You kill the bat!
You block the giant cockroach's attack.
You hit the giant cockroach but do no damage.
The giant cockroach is almost dead.
The giant cockroach bites you but does no damage.
The giant cockroach closely misses you.
You closely miss the giant cockroach.
The giant cockroach is almost dead.
The giant cockroach bites you but does no damage.
You puncture the giant cockroach!
You kill the giant cockroach!
You closely miss the rat. The rat bites you but does no damage.
The gnoll barely misses you.
You closely miss the rat. You block the rat's attack.
The gnoll hits you but does no damage.
The rat splashes around in the water.
You barely miss the rat.
The gnoll hits you from afar with a +0 spear.
You die...

# ##.# #....######### # ####.##
#....# #... ####.....### #....#
#... ##...#.#...#########....#
#÷..
...###..................######...
.### ####.#########.....#...)....
## #.####<####.....#.####### #
#.##>#.#.##.....'........ #
#.#♣....@♣#.....#.#######
#.#≈♣...♣r#.#####.#
#.#≈≈♣.♣≈≈gK#####'#######
#.#≈≈♣.♣≈≈#s##...........
#.##≈♣.♣≈#..##...........
######'####'##.#.##...........
#...........#..).#####'#######
#.......###..#.........#
#.......# ##.#.######..#


You could see a gnoll, a giant cockroach, a kobold and a rat.

Vanquished Creatures
  3 giant cockroaches (D:1)
  2 goblins (D:1)
  2 hobgoblins (D:1)
  2 jackals (D:1)
  2 kobolds (D:1)
  2 ball pythons (D:1)
  A bat (D:1)
  A frilled lizard (D:1)
  3 rats (D:1)
18 creatures vanquished.

Notes
Turn   | Place    | Note
-------+----------+-------------------------------------------
     0 | D:1      | HungryMoth the Formicid Fighter began the quest for the
                  | Orb.
     0 | D:1      | Reached XP level 1. HP: 18/18 MP: 1/1
    60 | D:1      | Reached XP level 2. HP: 24/24 MP: 2/2
   319 | D:1      | Slain by a gnoll

Levels and vault maps discovered:
D:1:      saegor_arrival_simple_d, layout_basic, hex_intersection

Action                   || total
-------------------------++-------
Melee: Trident           ||    59
 Abil: Dig               ||     3
Armor: Scale mail        ||    32
Dodge: Dodged            ||    27
Block: Kite shield       ||    34

Table legend:
 A = Non-vault XP
 B = Vault XP
 C = Vault XP percentage of total XP
 D = Non-vault monster count
 E = Vault monster count
 F = Vault count percentage of total count
                 A         B        C        D         E       F
            +---------+---------+-------+---------+---------+-------
      Total |      28 |       0 |   0.0 |      18 |       0 |   0.0
            +---------+---------+-------+---------+---------+-------
        D:1 |      28 |       0 |   0.0 |      18 |       0 |   0.0
            +---------+---------+-------+---------+---------+-------
